Match 47099250
Unlisted

Match 47099250
End
Scout Squad
Construct Weapon Support Center
Selects Heavy Weapons
M1919 Machine Gun Team
M1919 Machine Gun Team
Bazooka Squad
Bazooka Squad
M1919 Machine Gun Team
Selects M2HB .50cal Heavy Machine Gun
Bazooka Squad
Air Support Center
Improved M9 Bazooka Rockets
M1919 Machine Gun Team
Grasshopper Recon Run
M3 Armored Personnel Carrier
WЇЌĭήğ§* ★assasin
JShreddy
오렌지플래닛
jaws2005
水银灯
Mixrundiy
Ermac
旧时光
0
0

Comments sign in to comment!

No comments posted yet!